 Dungeon Crawl Stone Soup version 0.30.1-9-gdf580d7c3d (webtiles) character file.

Game seed: 8357598979787182836

7230 Raikaria the Slicer (level 10, 0/86 HPs)
             Began as a White Draconian Venom Mage on Sept 27, 2023.
             Was a Believer of Uskayaw.
             Slain by Snorg (7 damage)
             ... on level 10 of the Dungeon on Sept 28, 2023.
             The game lasted 00:33:01 (10866 turns).

Raikaria the Slicer (White Draconian Venom Mage)   Turns: 10866, Time: 00:33:01

Health: 0/86       AC:  8    Str: 10    XL:     10   Next: 88%
Magic:  8/17       EV: 14    Int: 18    God:    Uskayaw [**....]
Gold:   562        SH:  0    Dex: 14    Spells: 9/19 levels left

rFire   . . .        d - +2 quick blade (venom)
rCold   + . .        u - orb {light}
rNeg    . . .        (body armour unavailable)
rPois   .            (helmet restricted)
rElec   .            (no cloak)
rCorr   .            e - +0 pair of gloves
SInv    .            (no boots)
Will    .....        (no amulet)
Stlth   +            (no ring)
HPRegen 0.34/turn    (no ring)
MPRegen 0.15/turn

%: no passive effects
@: short of breath, glowing
A: breathe frost, AC +7, unfitting armour, cold resistance 1, cold-blooded
a: Breathe Frost, Renounce Religion, Stomp, Line Pass


You were on level 10 of the Dungeon.
You worshipped Uskayaw.
Uskayaw was noncommittal.
You visited 2 branches of the dungeon, and saw 12 of its levels.
You also visited: Sewer.

You collected 562 gold pieces.

Inventory:

Hand Weapons
 b - a +0 dagger
 d - a +2 quick blade of venom (weapon)
 g - a +4 whip
 i - a +2 dagger of venom
 s - a +3 short sword of holy wrath
Armour
 e - a +0 pair of gloves (worn)
 u - an orb of light (worn)
Jewellery
 E - a ring of protection from cold
Wands
 l - a wand of iceblast (14)
 x - a wand of light (8)
 z - a wand of flame (17)
 D - a wand of digging (5)
 F - a wand of mindburst (8)
Scrolls
 c - a scroll of noise
 h - a scroll of teleportation
 k - 2 scrolls of poison
 w - 4 scrolls of magic mapping {unknown}
 y - 2 scrolls of amnesia {unknown}
 A - a scroll of blinking {unknown}
 B - a scroll of torment {unknown}
 C - a scroll of fear {unknown}
Potions
 a - 2 potions of magic
 f - 4 potions of curing
 j - 6 potions of haste
 m - 4 potions of flight
 o - a potion of mutation {unknown}
 p - 4 potions of invisibility
 q - 2 potions of brilliance
 r - 8 potions of heal wounds


   Skills:
 - Level 7.0 Fighting
 - Level 8.0 Short Blades
 + Level 5.8 Dodging
 + Level 5.6 Stealth
 - Level 5.0 Spellcasting
 - Level 3.0 Conjurations
 - Level 1.0 Transmutations
 - Level 3.0 Air Magic
 - Level 7.0 Poison Magic
 - Level 5.1 Invocations


You had 9 spell levels left.
You knew the following spells:

 Your Spells              Type           Power      Damage    Failure   Level
a - Sting                 Tmut/Pois      72%        1d6       2%          1
b - Poisonous Vapours     Pois/Air       44%        N/A       2%          2
c - Olgreb's Toxic Radia  Pois           29%        N/A       8%          4
d - Mephitic Cloud        Conj/Pois/Air  20%        N/A       7%          3

Your spell library contained the following spells:

 Spells                   Type           Power      Damage    Failure   Level
 Magic Dart               Conj           60%        1d6       3%          1
 Static Discharge         Conj/Air       30%        2-4/arc   6%          2
 Call Imp                 Summ           8%         N/A       21%         2
 Volatile Blastmotes      Fire/Tloc      8%         2d10      36%         3
 Airstrike                Air            7%         2d(2-18)  36%         4
 Fulminant Prism          Conj/Hex       4%         3d5       56%         4
 Iskenderun's Mystic Bla  Conj/Tloc      9%         2d4       56%         4
 Summon Lightning Spire   Summ/Air       9%         N/A       56%         4
 Lee's Rapid Deconstruct  Erth           2%         3d4*      98%         5


Dungeon Overview and Level Annotations

Branches:
Dungeon (11/15)            Temple (1/1) D:6            Lair (0/5) D:10
  Sewer (visited)
    Orc: D:9-12

Altars:
Cheibriados
Dithmenos
Fedhas
Gozag
Hepliaklqana
Ru
Uskayaw
Zin

Annotations:
D:6 3 runed translucent doors, NullDivider's ghost, novice OpVM
D:8 1 runed translucent door, mihai's ghost, novice DjFE
D:10 Snorg


Innate Abilities, Weirdness & Mutations

You can breathe waves of freezing cold which knock back foes.
Your icy white scales are hard. (AC +7)
You cannot fit into any form of body armour.
Your flesh is cold resistant. (rC+)
You are cold-blooded and may be slowed by cold attacks.


Message History

Snorg bites you. Snorg completely misses you. x2
You completely miss Snorg.
Snorg is lightly wounded.
You hit Snorg.
Snorg looks as sick as possible!
Your tail-slap misses Snorg.
Snorg is lightly wounded.
Snorg bites you but does no damage. Snorg claws you.
Snorg claws you but does no damage.
You barely miss Snorg. You tail-slap Snorg.
Snorg is lightly wounded.
You hit Snorg.
Snorg is lightly wounded.
Snorg bites you! Snorg closely misses you. Snorg barely misses you.
You hit Snorg.
Snorg looks as sick as possible!
Snorg is lightly wounded.
You hit Snorg.
Snorg looks as sick as possible!
Snorg is lightly wounded.
Snorg misses you. Snorg claws you but does no damage. Snorg misses you.
You hit Snorg.
Snorg looks as sick as possible!
Snorg is moderately wounded.
You barely miss Snorg.
Snorg is moderately wounded.
You hit Snorg.
Snorg looks as sick as possible!
Snorg is moderately wounded.
Snorg bites you!! Snorg claws you. Snorg claws you!
You hit Snorg.
Snorg looks as sick as possible!
Snorg is moderately wounded.
Snorg attacks as you move away! Snorg bites you!
* * * LOW HITPOINT WARNING * * *
Snorg claws you but does no damage. Snorg claws you.
* * * LOW HITPOINT WARNING * * *
Snorg completely misses you. Snorg closely misses you.
Snorg completely misses you.
You hit Snorg.
Snorg looks as sick as possible!
Snorg is moderately wounded.
You can now pass through a line of other dancers.
Okay, then.
Snorg closely misses you. Snorg claws you!
* * * LOW HITPOINT WARNING * * *
Snorg claws you!
You die...

#...# #># #...#
#.###### #...#
######.)..... ####.###
#........#####
#......# #.###.....#
#.##.#.# # # ##...## #
#.#.###.####...#
#...T......#...# #
###@###.##.....# ##
#.# #.####..## .## ..#
#.......# ..# ####
#######.# ..##
######### #.# ...#
#.......# #.# ...##
#.#####.# ##.######
....##
#.#####.######........
.....#
#.##............#####.


You could see Snorg (berserk, extremely poisoned).

Vanquished Creatures
  A two-headed ogre (D:9)
  Urug (D:10)
  Psyche (D:10)
  An unseen horror (D:10)
  A troll (D:10)
  Grinder (D:5)
  A vampire (D:10)
  6 yaks (D:10)
  A steam dragon (D:8)
  3 wargs (D:10)
  Edmund (D:6)
  Duvessa (D:5)
  A water moccasin (D:8)
  2 orc warriors
  2 black bears
  An ice beast (D:7)
  4 ogres
  3 centaurs
  2 phantoms
  4 kobold brigands
  5 bullfrogs
  4 scorpions
  3 wights (D:9)
  Dowan (D:5)
  3 killer bees (D:8)
  A howler monkey (D:9)
  5 hounds
  3 jellies
  7 orc priests
  Crazy Yiuf (D:5)
  2 sleepcaps (D:6)
  2 iguanas (D:7)
  8 orc wizards
  4 gnolls (D:6)
  4 adders
  2 shadow imps (D:7)
  A white imp (D:6)
  2 dart slugs
  2 worms
  30 orcs
  13 ball pythons
  6 endoplasms
  8 giant cockroaches
  6 goblins
  2 hobgoblins
  8 jackals
  2 quokkas
  5 bats
  4 frilled lizards
  20 kobolds
  8 rats
210 creatures vanquished.

Vanquished Creatures (others)
  An adder (D:6)
1 creature vanquished.

Grand Total: 211 creatures vanquished

Notes
Turn   | Place    | Note
-------+----------+-------------------------------------------
     0 | D:1      | Raikaria the Draconian Venom Mage began the quest for the
                  | Orb.
     0 | D:1      | Reached XP level 1. HP: 14/14 MP: 3/3
   178 | D:1      | Reached XP level 2. HP: 4/22 MP: 0/5
   274 | D:1      | Reached skill level 1 in Fighting
   521 | D:1      | Found a faded altar of an unknown god.
  1033 | D:2      | Reached XP level 3. HP: 28/28 MP: 3/6
  1036 | D:2      | Learned a level 2 spell: Poisonous Vapours
  1752 | D:3      | Noticed a bullfrog
  1762 | D:3      | Killed a bullfrog
  1763 | D:3      | Reached XP level 4. HP: 34/37 MP: 2/7
  1907 | D:4      | Noticed an ogre
  1914 | D:4      | Noticed an ogre
  1919 | D:4      | Killed an ogre
  1920 | D:4      | Reached skill level 1 in Air Magic
  1920 | D:4      | Reached XP level 5. HP: 39/45 MP: 3/8
  1936 | D:4      | Killed an ogre
  1937 | D:4      | Reached XP level 6. HP: 25/51 MP: 3/9
  2301 | D:4      | Found a glowing drain.
  2315 | Sewer    | Entered a sewer
  2721 | Sewer    | Learned a level 4 spell: Olgreb's Toxic Radiance
  2725 | Sewer    | Learned a level 3 spell: Mephitic Cloud
  2782 | Sewer    | Your scales start taking on an icy white colour.
  2782 | Sewer    | Reached XP level 7. HP: 18/59 MP: 5/11
  2782 | Sewer    | Gained mutation: Your flesh is cold resistant. (rC+) [White
                  | Draconian growth]
  3708 | D:5      | Entered Level 5 of the Dungeon
  3877 | D:5      | Noticed Duvessa
  3884 | D:5      | Noticed Dowan
  3889 | D:5      | Killed Duvessa
  3890 | D:5      | Reached skill level 1 in Short Blades
  3890 | D:5      | Reached skill level 1 in Conjurations
  4101 | D:5      | Noticed Grinder
  4116 | D:5      | Killed Grinder
  4117 | D:5      | Reached skill level 5 in Fighting
  4117 | D:5      | Reached skill level 2 in Short Blades
  4117 | D:5      | Reached XP level 8. HP: 31/68 MP: 9/12
  4139 | D:5      | Reached skill level 3 in Short Blades
  4301 | D:5      | Killed Dowan
  4861 | D:5      | Found a runed translucent door.
  4862 | D:5      | Noticed Crazy Yiuf
  4872 | D:5      | Killed Crazy Yiuf
  4935 | D:5      | Reached skill level 4 in Short Blades
  5081 | D:5      | Found a faded altar of an unknown god.
  5081 | D:5      | Found a sacrificial altar of Ru.
  5087 | D:5      | Found a glowing silver altar of Zin.
  5089 | D:5      | Found an opulent altar of Gozag.
  5091 | D:5      | Found a shadowy altar of Dithmenos.
  5216 | D:6      | Noticed Edmund
  5238 | D:6      | Killed Edmund
  5899 | D:6      | Found a runed translucent gate.
  5899 | D:6      | Found a runed translucent gate.
  5900 | D:6      | Found a runed translucent gate.
  5901 | D:6      | Noticed NullDivider's ghost (novice OpVM)
  5909 | D:6      | Noticed a two-headed ogre
  5946 | D:6      | Found a staircase to the Ecumenical Temple.
  5969 | Temple   | Entered the Ecumenical Temple
  5983 | Temple   | Became a worshipper of Uskayaw the Reveller
  6034 | D:6      | Reached * piety under Uskayaw
  6129 | D:6      | Reached ** piety under Uskayaw
  6137 | D:6      | Reached XP level 9. HP: 70/79 MP: 15/15
  6175 | D:6      | Reached skill level 5 in Short Blades
  6175 | D:6      | Reached skill level 5 in Poison Magic
  6647 | D:7      | Reached skill level 1 in Invocations
  7245 | D:7      | Reached *** piety under Uskayaw
  7916 | D:8      | Reached skill level 5 in Spellcasting
  7917 | D:8      | Reached skill level 6 in Short Blades
  8014 | D:8      | HP: 2/79 [centaur/arrow (13)]
  8655 | D:8      | Found a runed translucent door.
  8655 | D:8      | Noticed mihai's ghost (novice DjFE)
  8811 | D:8      | Found a blossoming altar of Fedhas.
  9503 | D:9      | Noticed a two-headed ogre
  9517 | D:9      | Killed a two-headed ogre
  9518 | D:9      | Reached XP level 10. HP: 65/86 MP: 9/17
  9616 | D:9      | Reached skill level 5 in Invocations
  9813 | D:9      | Identified a scroll of acquirement
  9813 | D:9      | Acquired a +2 quick blade of venom
  9856 | D:9      | Reached skill level 7 in Short Blades
  9955 | D:9      | Noticed a boulder beetle
  9956 | D:9      | Noticed a purple ugly thing
  9957 | D:9      | Noticed a brown ugly thing
  9957 | D:9      | Noticed a manticore
  9957 | D:9      | Noticed a purple ugly thing
  9969 | D:9      | You fall into a shaft and drop 2 floors!
  9988 | D:10     | Entered Level 10 of the Dungeon
  9988 | D:10     | Noticed Urug
 10011 | D:10     | Killed Urug
 10256 | D:10     | Reached **** piety under Uskayaw
 10300 | D:10     | Reached skill level 8 in Short Blades
 10361 | D:10     | Found a staircase to the Lair.
 10375 | D:10     | Reached skill level 5 in Dodging
 10386 | D:10     | Reached skill level 5 in Stealth
 10388 | D:10     | Reached ***** piety under Uskayaw
 10651 | D:10     | Noticed Psyche
 10671 | D:10     | Killed Psyche
 10845 | D:10     | Noticed Snorg
 10866 | D:10     | Slain by Snorg

Illustrated notes

Levels and vault maps discovered:
D:1:      reono_arrival_forest_river, layout_rooms,
          shapermc_ecumenical_altar_mp_highgroup
D:2:      layout_loops_corners
D:3:      layout_loops_ring
D:4:      layout_rooms, portal_sewer_entry_d
D:5:      layout_basic, chequers_temple_overflow_minitemple, uniq_grinder,
          uniq_crazy_yiuf_cottage, uniq_duvessa
D:6:      nicolae_BIG_FREAKIN_CUBE, layout_basic,
          minmay_temple_entry_mini_moons, gammafunk_ghost_split, st_stairs_13,
          hangedman_decor_opposing, hellmonk_bongcloud_opening, uniq_edmund
D:7:      layout_cave_pods, kennysheep_generic_room_5
D:8:      layout_layer_cave, fedhas_bush_and_centaur_altar,
          hellmonk_ghost_big_iron
D:9:      layout_cave_pods, minivault_12, uniq_maurice
D:10:     layout_loops_corners, erik_lair_orcish_takeover, uniq_urug,
          uniq_snorg, uniq_psyche
D:11:     layout_stronghold, nicolae_specific_store, uniq_amaemon
Temple:   minmay_crystal_spiral_temple

Skill      XL: |  1  2  3  4  5  6  7  8  9 10 |
---------------+-------------------------------+-----
Dodging        | 2 3 4 5 |  5.8
Fighting       | 1 2 3 4 5 7 |  7.0
Poison Magic   | 4 6 7 |  7.0
Air Magic      | 1 3 |  3.0
Spellcasting   | 3 4 5 |  5.0
Short Blades   | 2 4 6 8 |  8.0
Conjurations   | 2 3 |  3.0
Invocations    | 4 5 |  5.1
Stealth        | 5 |  5.6
Transmutations | |  1.0

Action                     |  1- 3 |  4- 6 |  7- 9 | 10-12 || total
---------------------------+-------+-------+-------+-------++-------
  Melee: Dagger            |    87 |    73 |   275 |       ||   435
         Unarmed           |     3 |       |       |       ||     3
         Tailslap          |    13 |     8 |    78 |    37 ||   136
         Punch             |     2 |     1 |       |       ||     3
         Whip              |       |     9 |       |       ||     9
         Short sword       |       |       |    41 |    35 ||    76
         Quick blade       |       |       |       |   127 ||   127
   Cast: Sting             |    27 |    11 |     4 |       ||    42
         Poisonous Vapours |     7 |     8 |    20 |     9 ||    44
         Mephitic Cloud    |       |       |     1 |       ||     1
         Olgreb's Toxic Ra |       |       |     8 |     4 ||    12
 Invoke: Stomp             |       |       |     1 |       ||     1
         Line Pass         |       |       |       |     2 ||     2
Ability: Breathe Frost     |       |       |     8 |     3 ||    11
    Use: Potion            |       |       |     3 |       ||     3
         Scroll            |       |       |       |    11 ||    11
   Stab: Sleeping          |     2 |     5 |     3 |       ||    10
         Confused          |       |       |     1 |     1 ||     2
         Paralysed         |       |       |     5 |    10 ||    15
 Armour: Skin              |    41 |    32 |    81 |    26 ||   180
  Dodge: Dodged            |    53 |    77 |   176 |    78 ||   384
